 Dungeon Crawl Stone Soup version 0.27-a0-1191-g601b473118 (webtiles) character file.

Game seed: 6773315870742191007

7480 Zeld the Cleaver (level 10, -6/94 HPs)
             Began as a Minotaur Berserker on May 23, 2021.
             Was an Elder of Trog.
             Killed from afar by a gargoyle (24 damage)
             ... with a stone arrow
             ... on level 8 of the Dungeon.
             The game lasted 00:08:22 (12496 turns).

Zeld the Cleaver (Minotaur Berserker)              Turns: 12496, Time: 00:08:23

Health: -6/94      AC:  2    Str: 25    XL:     10   Next: 94%
Magic:  9/9        EV: 15    Int:  4    God:    Trog [****..]
Gold:   1083       SH:  5    Dex: 10    Spells: 9/9 levels left

rFire    . . .     SeeInvis .   a - +0 hand axe (chaos)
rCold    . . .     Faith    .   (no shield)
rNeg     . . .     Spirit   .   (no armour)
rPois    .         Reflect  +   (helmet restricted)
rElec    .         Harm     .   g - +0 cloak
rCorr    .         Rampage  .   i - +0 pair of gloves
Will     ++...                  (no boots)
Stlth    +.........             j - amulet of reflection
HPRegen  1.25/turn              (no ring)
MPRegen  0.11/turn              (no ring)

@: strong-willed, on berserk cooldown, regenerating, slowed, very slow
A: horns 2, retaliatory headbutt
a: Renounce Religion, Berserk, Trog's Hand, Brothers in Arms


You were on level 8 of the Dungeon.
You worshipped Trog.
Trog was greatly pleased with you.
You visited 2 branches of the dungeon, and saw 9 of its levels.

You collected 1083 gold pieces.

Inventory:

Hand Weapons
 a - a +0 hand axe of chaos (weapon)
Armour
 g - a +0 cloak (worn)
 i - a +0 pair of gloves (worn)
Jewellery
 j - an amulet of reflection (around neck)
 p - a ring of flight
Wands
 x - a wand of mindburst (9)
Scrolls
 f - a scroll of magic mapping
 k - a scroll of fear
 t - 3 scrolls of enchant armour {unknown}
 u - a scroll of amnesia {unknown}
 y - a scroll of teleportation {unknown}
 D - a scroll of summoning {unknown}
Potions
 b - a potion of attraction {unknown}
 d - a potion of degeneration {unknown}
 l - 2 potions of might {unknown}
 m - 2 potions of heal wounds {unknown}
 n - 6 potions of lignification {unknown}
 q - 2 potions of curing {unknown}
 r - a potion of flight
 v - 2 potions of haste {unknown}
 w - a potion of mutation {unknown}
 z - 2 potions of resistance {unknown}
 A - a potion of magic {unknown}
 B - 2 potions of brilliance {unknown}


   Skills:
 * Level 10.7 Fighting
 - Level 14.0 Axes
 - Level 2.4 Armour
 * Level 9.6 Dodging


You had 9 spell levels left.
You didn't know any spells.
Your spell library was empty.

Dungeon Overview and Level Annotations

Branches:
Dungeon (8/15)             Temple (1/1) D:4            Lair (0/6) D:8

Altars:
Ashenzari
Cheibriados
Dithmenos
Elyvilon
Fedhas
Gozag
Hepliaklqana
Kikubaaqudgha
Makhleb
Nemelex Xobeh
Okawaru
Qazlal
Ru
Sif Muna
Trog
Uskayaw
Vehumet
Wu Jian
Xom
Yredelemnul
Zin
The Shining One

Shops:
D:1 =


Innate Abilities, Weirdness & Mutations

You have a pair of horns on your head.
You reflexively headbutt those who attack you in melee.


Message History

The gargoyle is moderately damaged.
The gargoyle hits you with a +0 flail!!
You are too injured to fight recklessly!
You are too injured to fight recklessly!
You are too injured to fight recklessly!
You are too injured to fight recklessly!
You are too injured to fight recklessly!
You hit the gargoyle but do no damage.
The gargoyle resists with almost no effort.
You headbutt the gargoyle, but do no damage.
The gargoyle is moderately damaged.
The gargoyle completely misses you.
You hit the gargoyle but do no damage. You headbutt the gargoyle.
The gargoyle is moderately damaged.
The gargoyle hurls a stone arrow at you.
The stone arrow hits you!
You hit the gargoyle but do no damage.
The gargoyle is moderately damaged.
The gargoyle hurls a stone arrow at you.
The stone arrow misses you.
You hit the gargoyle but do no damage.
The gargoyle is moderately damaged.
The gargoyle misses you.
You hit the gargoyle but do no damage.
You headbutt the gargoyle, but do no damage.
The gargoyle is moderately damaged.
Your skin crawls.
You feel strong-willed. The gargoyle hits you with a +0 flail!!
* * * LOW HITPOINT WARNING * * *
The gargoyle barely misses you.
Unknown command.
Okay, then.
As you read the scroll of fear, it crumbles to dust.
You assume a fearsome visage.
The gargoyle is unaffected.
The gargoyle misses you. You furiously retaliate!
You headbutt the gargoyle, but do no damage.
The gargoyle hurls a stone arrow at you.
The stone arrow hits you!!
You die...

#...#######...# #.#
#######.###.###.###.## #.#
....##..#[##'.)##8#..#####.###
###.##.###)..)..'###.........####
###.##.#.#.......#8#..####.#.##..
.......##)............####.#.##.#
###.#..##....8........##........#
###.#..##'...................####
.......#8#......@#8#.........#
####...###'.....9###.#####.###
#....#8##).'##!#..# #.#
###..###!###8###.## #.#
#....#######...# ##'## #
#.##...........# ##...## # ###
#.#######....#.# ##.....## #
##.###.# #....#.###[......###
#......#######......##.........##


You could see a gargoyle.

Vanquished Creatures
  5 gargoyles (D:8)
  Prince Ribbit (D:8)
  A shadow (D:6)
  2 wyverns (D:8)
  4 yaks (D:8)
  A vampire (D:8)
  4 vampire mosquitoes (D:5)
  A basilisk (D:8)
  Edmund (D:6)
  4 water moccasins
  3 sky beasts (D:6)
  5 black bears
  2 necrophages
  3 ogres
  3 wolves (D:8)
  3 centaurs
  2 phantoms
  A kobold brigand (D:7)
  A wyvern zombie (D:7)
  3 bullfrogs
  A scorpion (D:6)
  3 water moccasin skeletons
  5 killer bees (D:8)
  2 howler monkeys (D:7)
  A centaur zombie (D:7)
  A jelly (D:7)
  3 bullfrog skeletons (D:6)
  A bullfrog zombie (D:7)
  3 hounds
  5 orc priests
  Crazy Yiuf (D:2)
  A scorpion zombie (D:5)
  5 iguanas
  3 orc wizards
  A hound skeleton (D:4)
  A mummy (D:6)
  7 adders
  2 shadow imps (D:7)
  2 white imps
  An adder skeleton (D:4)
  2 dart slugs
  11 orcs
  7 ball pythons
  9 endoplasms
  7 giant cockroaches
  3 goblins
  4 hobgoblins
  4 jackals (D:1)
  6 quokkas
  10 bats
  3 frilled lizards
  11 kobolds
  4 kobold zombies (D:6)
  5 rats
185 creatures vanquished.

Vanquished Creatures (others)
  2 fungi (D:8)
  17 plants (D:8)
19 creatures vanquished.

Grand Total: 204 creatures vanquished

Notes
Turn   | Place    | Note
-------+----------+-------------------------------------------
     0 | D:1      | Zeld the Minotaur Berserker began the quest for the Orb.
     0 | D:1      | Reached XP level 1. HP: 19/19 MP: 0/0
   155 | D:1      | Reached skill level 4 in Axes
   244 | D:1      | Reached XP level 2. HP: 18/26 MP: 1/1
   389 | D:1      | Found Piecas's Jewellery Shoppe.
   949 | D:1      | Reached skill level 5 in Axes
  1182 | D:1      | Reached XP level 3. HP: 31/31 MP: 2/2
  2232 | D:2      | Reached ** piety under Trog
  2239 | D:2      | Found a hide-covered altar of Uskayaw.
  2522 | D:2      | Found a faded altar of an unknown god.
  2533 | D:2      | Reached skill level 6 in Axes
  2533 | D:2      | Reached XP level 4. HP: 36/39 MP: 3/3
  2573 | D:2      | Found a runed translucent door.
  2574 | D:2      | Noticed Crazy Yiuf
  2636 | D:2      | Killed Crazy Yiuf
  3597 | D:4      | Reached XP level 5. HP: 41/45 MP: 4/4
  3630 | D:4      | Reached skill level 7 in Axes
  3684 | D:4      | Found a staircase to the Ecumenical Temple.
  3705 | Temple   | Entered the Ecumenical Temple
  4267 | D:4      | Reached skill level 8 in Axes
  4270 | D:4      | Reached XP level 6. HP: 34/51 MP: 5/5
  4780 | D:5      | Entered Level 5 of the Dungeon
  4780 | D:5      | Noticed a vampire mosquito
  4781 | D:5      | Noticed a vampire mosquito
  4781 | D:5      | Noticed a vampire mosquito
  4781 | D:5      | Noticed a vampire mosquito
  4792 | D:5      | Killed a vampire mosquito
  4793 | D:5      | Reached skill level 9 in Axes
  4795 | D:5      | Killed a vampire mosquito
  4796 | D:5      | Reached XP level 7. HP: 46/57 MP: 6/6
  4798 | D:5      | Killed a vampire mosquito
  4799 | D:5      | Reached skill level 10 in Axes
  4803 | D:5      | Killed a vampire mosquito
  5050 | D:5      | Reached skill level 11 in Axes
  5211 | D:5      | Reached XP level 8. HP: 44/64 MP: 7/7
  5562 | D:5      | Reached skill level 12 in Axes
  6010 | D:6      | Reached *** piety under Trog
  6026 | D:6      | Reached skill level 13 in Axes
  6177 | D:6      | Noticed Edmund
  6193 | D:6      | Killed Edmund
  7159 | D:6      | Reached XP level 9. HP: 42/70 MP: 8/8
  7406 | D:6      | Reached skill level 14 in Axes
  7785 | D:6      | Reached skill level 5 in Fighting
  8537 | D:7      | Reached skill level 5 in Dodging
  8690 | D:6      | Found a sparkling altar of Nemelex Xobeh.
  8980 | D:7      | Reached **** piety under Trog
  9735 | D:8      | Noticed Prince Ribbit
  9912 | D:8      | Reached XP level 10. HP: 80/88 MP: 9/9
 10748 | D:8      | Found a staircase to the Lair.
 11213 | D:8      | HP: 4/91 [poisoned by a killer bee]
 11218 | D:8      | HP: 4/91 [poisoned by a killer bee]
 11644 | D:8      | Killed Prince Ribbit
 11650 | D:8      | Identified a scroll of acquirement
 11659 | D:8      | Acquired 689 gold pieces
 11803 | D:8      | Noticed a gargoyle
 11809 | D:8      | Killed a gargoyle
 11810 | D:8      | Reached skill level 10 in Fighting
 11972 | D:8      | Noticed a gargoyle
 11976 | D:8      | Killed a gargoyle
 12174 | D:8      | Noticed a gargoyle
 12179 | D:8      | Killed a gargoyle
 12250 | D:8      | Noticed a gargoyle
 12253 | D:8      | Killed a gargoyle
 12475 | D:8      | Noticed a gargoyle
 12481 | D:8      | Killed a gargoyle
 12485 | D:8      | Noticed a gargoyle
 12496 | D:8      | Killed from afar by a gargoyle

Illustrated notes

Levels and vault maps discovered:
D:1:      minmay_arrival_loop, layout_basic, serial_shops, shop,
          minmay_pentomino_u4
D:2:      layout_loops_cross, basic_ecumenical_altar, basic_altar,
          uniq_crazy_yiuf_cottage
D:3:      layout_basic
D:4:      layout_basic, minmay_temple_entry_glass
D:5:      layout_basic
D:6:      layout_basic, nicolae_overflow_hidden_temple, minmay_mini_ossuary,
          uniq_edmund
D:7:      layout_cave_pools, minivault_19, st_stairs_10
D:8:      cheibrodos_statue_roulette, layout_loops_corners,
          minmay_lair_entry_grove, uniq_prince_ribbit1
Temple:   kilobyte_greek_temple

Skill      XL: |  1  2  3  4  5  6  7  8  9 10 |
---------------+-------------------------------+-----
Axes           | 4 5 6 8 9 11 13 14 | 14.0
Fighting       | 7 10 | 10.7
Dodging        | 6 9 |  9.6
Armour         | |  2.4

Action                   |  1- 3 |  4- 6 |  7- 9 | 10-12 || total
-------------------------+-------+-------+-------+-------++-------
Melee: Hand axe          |    94 |    94 |   311 |   146 ||   645
       Headbutt          |    17 |    16 |    64 |    28 ||   125
Invok: Berserk           |       |     1 |     6 |     6 ||    13
       Trog's Hand       |       |     1 |     1 |     3 ||     5
  Use: Scroll            |       |       |       |    11 ||    11
Armor: Skin              |       |    12 |    22 |    12 ||    46
Dodge: Dodged            |    62 |    44 |   102 |    58 ||   266
Block: Other             |       |    18 |    48 |    16 ||    82
       Reflection        |       |       |     1 |       ||     1

Table legend: (Time is in decaauts)
 A = Elapsed time spent in this place.
 B = Non-inter-level travel time spent in this place.
 C = Inter-level travel time spent in this place.
 D = Time resting spent in this place.
 E = Time spent auto-exploring this place.
 F = Levels seen in this place.
 G = Mean time per level.
                   A        B        C        D        E       F      G
               +--------+--------+--------+--------+--------+-----+--------+
         Total |  12438 |  12194 |    244 |   3050 |   8075 |   9 | 1382.0 |
       Dungeon |  12277 |  12047 |    230 |   3050 |   7930 |   8 | 1534.6 |
        Temple |    160 |    146 |     14 |      0 |    145 |   1 |  160.0 |
               +--------+--------+--------+--------+--------+-----+--------+

Top non-repeatable levels by time:
     D:8: 3248 daAuts
     D:6: 2501 daAuts
     D:1: 1358 daAuts
     D:2: 1337 daAuts
     D:5: 1149 daAuts
     D:4: 1037 daAuts
     D:3: 884 daAuts
     D:7: 758 daAuts
  Temple: 160 daAuts
